 Dungeon Crawl Stone Soup version 0.25-a0-109-ge9c0e85935 (webtiles) character file.

Game seed: 10340991375064592333, levelgen mode: deterministic

4295 MisterFreud the Basher (level 10, -6/56 HPs)
             Began as a Gargoyle Fighter on Nov 18, 2019.
             Was a Believer of the Shining One.
             Mangled by a two-headed ogre
             ... wielding a +0 giant club
              (13 damage)
             ... on level 8 of the Dungeon.
             The game lasted 00:14:25 (8357 turns).

MisterFreud the Basher (Gargoyle Fighter)           Turns: 8357, Time: 00:14:26

Health: -6/56      AC: 19    Str: 23    XL:     10   Next: 32%
Magic:  10/10      EV:  7    Int:  9    God:    the Shining One [**....]
Gold:   622        SH: 13    Dex:  9    Spells: 9/9 levels left

rFire    . . .     SeeInvis +   a - +0 flail
rCold    + . .     Gourm    .   c - +1 shield
rNeg     + + .     Faith    .   b - +0 scale mail
rPois    ∞         Spirit   .   w - +0 hat
rElec    +         Reflect  +   h - +0 cloak
rCorr    .         Harm     .   v - +0 pair of gloves
MR       .....                  g - +2 pair of boots
Stlth    ..........             G - +3 amulet of reflection
HPRegen  0.18/turn              p - ring of protection from cold
MPRegen  0.12/turn              F - ring of see invisible

@: glowing
A: negative energy resistance 1, electricity resistance, unbreathing,
petrification resistance, rot immunity, AC +7
a: Divine Shield, Renounce Religion


You were on level 8 of the Dungeon.
You worshipped the Shining One.
The Shining One was pleased with you.
You were not hungry.

You visited 1 branch of the dungeon, and saw 8 of its levels.
You also visited: Sewer and Ossuary.

You collected 794 gold pieces.
You spent 172 gold pieces at shops.

Inventory:

Hand Weapons
 a - a +0 flail (weapon)
Missiles
 l - 208 arrows
 r - 72 bolts
 J - 21 sling bullets
 L - 15 boomerangs (quivered)
 M - 5 javelins
Armour
 b - a +0 scale mail (worn)
 c - a +1 shield (worn)
 g - a +2 pair of boots (worn)
 h - a +0 cloak (worn)
 v - a +0 pair of gloves (worn)
 w - a +0 hat (worn)
Jewellery
 p - a ring of protection from cold (left hand)
 F - a ring of see invisible (right hand)
 G - a +3 amulet of reflection (around neck)
Wands
 I - a wand of acid (12)
Scrolls
 e - 8 scrolls of identify
 k - 2 scrolls of enchant armour
 m - 2 scrolls of fog
 q - 3 scrolls of teleportation
 y - a scroll of enchant weapon {unknown}
 A - a scroll of magic mapping {unknown}
 B - 3 scrolls of remove curse
 E - a scroll of torment {unknown}
 K - 2 scrolls of amnesia {unknown}
 N - a scroll of blinking
Potions
 d - a potion of might
 i - 4 potions of curing
 j - 2 potions of brilliance {unknown}
 n - 4 potions of flight
 o - 3 potions of agility {unknown}
 s - 3 potions of heal wounds {unknown}
 t - a potion of cancellation {unknown}
 u - 2 potions of magic {unknown}
 x - 3 potions of degeneration {unknown}
 z - 2 potions of experience {unknown}
 C - a potion of resistance {unknown}
 H - 2 potions of berserk rage {unknown}
Comestibles
 f - 19 rations
 D - 17 chunks of flesh


   Skills:
 + Level 3.8 Fighting
 - Level 14.0 Maces & Flails
 - Level 3.2 Armour
 + Level 3.8 Shields


You had 9 spell levels left.
You didn't know any spells.
Your spell library contained the following spells:

 Spells                   Type           Power        Failure   Level  Hunger
 Animate Skeleton         Necr           N/A          99%         1    ##.....
 Flame Tongue             Conj/Fire      #....        99%         1    ##.....
 Pain                     Necr           #...         99%         1    ##.....
 Throw Flame              Conj/Fire      #.....       100%        2    ###....
 Conjure Flame            Conj/Fire      #.......     100%        3    ####...
 Inner Flame              Hex/Fire       #.......     100%        3    ####...
 Regeneration             Chrm/Necr      #.........   100%        3    ####...
 Vampiric Draining        Necr           #.........   100%        3    ####...
 Animate Dead             Necr           N/A          100%        4    #####..
 Sticky Flame             Conj/Fire      #.......     100%        4    #####..
 Fireball                 Conj/Fire      #.........   100%        5    ######.


Dungeon Overview and Level Annotations

Branches:
Dungeon (8/15)             Temple (0/1) D:6           Sewer (visited)
Ossuary (visited)
   Lair: D:8-11

Altars:
Fedhas
Okawaru
Qazlal
Sif Muna
Trog
Vehumet
Xom
The Shining One

Shops:
D:4 =

Annotations:
D:4 exclusion: statue


Innate Abilities, Weirdness & Mutations

You are resistant to torment.
Your stone body is resilient. (AC +7)
You are immune to poison.
You resist negative energy. (rN+)
You are resistant to electric shocks. (rElec)
You can survive without breathing.
You are immune to petrification.
You are immune to rotting.


Message History

You hit the two-headed ogre.
The two-headed ogre is heavily wounded.
You hit the two-headed ogre.
The two-headed ogre is heavily wounded.
The two-headed ogre hits you with a +0 giant club! x2
* * * LOW HITPOINT WARNING * * *
You hit the two-headed ogre.
The two-headed ogre is heavily wounded.
You hit the two-headed ogre but do no damage.
The two-headed ogre is heavily wounded.
The two-headed ogre barely misses you.
The two-headed ogre hits you with a +0 giant club.
* * * LOW HITPOINT WARNING * * *
Evoke which item? (* to show all) (? for menu, Esc to quit)
Aiming: Corrosive Bolt
Press: ? - help, Shift-Dir - straight line, f/p - two-headed ogre
Aim: a two-headed ogre, wielding two +0 giant clubs (heavily wounded, haloed)
The bolt of acid misses the two-headed ogre.
The two-headed ogre hits you with a +0 giant club!
You die...

#..........###...........[[[..
#........#......######.##..##.
#........#.....)######.###....
#........#....................
#.............................
#)..........#.................
#...........#.............#...
#......######.................
......#.....@..###...........
.......O..# #..........>
...........##......[....
...........# .. .............
.............. ....######.....
#### .....


You could see a two-headed ogre.

Vanquished Creatures
  A hippogriff (D:7)
  2 soldier ants (D:8)
  An orc warrior (D:8)
  2 sky beasts
  4 phantoms
  6 ogres
  A crocodile (D:7)
  3 centaurs
  Blork the orc (D:4)
  5 bullfrogs
  A gnoll sergeant (D:8)
  A scorpion (D:4)
  9 wights
  A howler monkey (D:5)
  3 crimson imps
  A bullfrog zombie (D:5)
  Crazy Yiuf (D:4)
  3 jellies
  A hound (D:4)
  4 orc wizards
  A gnoll shaman (D:5)
  4 orc priests
  A bullfrog skeleton (D:8)
  Ijyb (D:4)
  Jessica (D:2)
  6 iguanas
  7 worker ants
  8 mummies (Ossuary)
  11 gnolls
  14 adders
  2 shadow imps
  10 oozes
  An adder skeleton (D:8)
  8 worms
  5 dart slugs
  3 leopard geckos
  22 orcs
  14 bats
  6 giant cockroaches
  6 goblins
  10 hobgoblins
  16 jackals
  3 quokkas
  7 ball pythons
  11 frilled lizards
  2 hobgoblin zombies (Ossuary)
  A jackal skeleton (D:4)
  6 kobolds
  3 kobold zombies (Ossuary)
  A leopard gecko zombie (D:6)
  3 orc zombies (Ossuary)
  5 rats
250 creatures vanquished.

Vanquished Creatures (others)
  An orc (D:8)
  8 plants (D:7)
9 creatures vanquished.

Grand Total: 259 creatures vanquished

Notes
Turn   | Place    | Note
-------+----------+-------------------------------------------
     0 | D:1      | MisterFreud the Gargoyle Fighter began the quest for the
                  | Orb.
     0 | D:1      | Reached XP level 1. HP: 14/14 MP: 1/1
   165 | D:1      | Reached XP level 2. HP: 19/19 MP: 2/2
   543 | D:1      | Reached skill level 3 in Maces & Flails
   713 | D:2      | Found a stormy altar of Qazlal.
   715 | D:2      | Noticed an air elemental
   716 | D:2      | Noticed an earth elemental
   716 | D:2      | Noticed a water elemental
   716 | D:2      | Noticed a fire elemental
   726 | D:2      | Reached XP level 3. HP: 23/23 MP: 3/3
   842 | D:2      | Found a blossoming altar of Fedhas.
   854 | D:2      | Reached skill level 4 in Maces & Flails
   884 | D:2      | Reached XP level 4. HP: 13/28 MP: 4/4
  1154 | D:2      | Noticed Jessica
  1159 | D:2      | Killed Jessica
  1197 | D:2      | Reached skill level 5 in Maces & Flails
  1257 | D:2      | Reached XP level 5. HP: 28/32 MP: 5/5
  1361 | D:2      | Found a shimmering altar of Xom.
  1368 | D:2      | Found a white marble altar of Elyvilon.
  1368 | D:2      | Found a bloodstained altar of Trog.
  1370 | D:2      | Found a radiant altar of Vehumet.
  1370 | D:2      | Found a shimmering blue altar of Sif Muna.
  1370 | D:2      | Found a shimmering altar of Xom.
  1811 | D:3      | Found a glowing drain.
  1826 | Sewer    | Entered a sewer
  1902 | Sewer    | Reached skill level 6 in Maces & Flails
  2236 | Sewer    | Reached XP level 6. HP: 33/37 MP: 6/6
  3280 | D:4      | Reached skill level 7 in Maces & Flails
  3304 | D:4      | Reached XP level 7. HP: 36/41 MP: 7/7
  3341 | D:4      | Found a radiant altar of Vehumet.
  3363 | D:4      | Found a sand-covered staircase.
  3375 | Ossuary  | Entered an ossuary
  3845 | D:5      | Entered Level 5 of the Dungeon
  3855 | D:5      | Reached skill level 8 in Maces & Flails
  4205 | D:5      | Found a blossoming altar of Fedhas.
  4237 | D:4      | Found Timpocet's Jewellery Shoppe.
  4241 | D:4      | Bought a +3 amulet of reflection for 172 gold pieces
  4289 | D:4      | Found a runed translucent door.
  4290 | D:4      | Noticed Crazy Yiuf
  4475 | D:4      | Noticed Ijyb
  4482 | D:4      | Killed Ijyb
  4553 | D:4      | Reached skill level 9 in Maces & Flails
  4553 | D:4      | Reached XP level 8. HP: 38/46 MP: 8/8
  4604 | D:4      | Noticed Blork the orc
  4621 | D:4      | Killed Blork the orc
  5274 | D:4      | Killed Crazy Yiuf
  5491 | D:5      | Reached skill level 10 in Maces & Flails
  5725 | D:5      | Found a glowing golden altar of the Shining One.
  5730 | D:5      | Became a worshipper of the Shining One
  5828 | D:6      | Found a staircase to the Ecumenical Temple.
  6076 | D:6      | Found an iron altar of Okawaru.
  6087 | D:6      | Reached skill level 11 in Maces & Flails
  6137 | D:6      | Reached XP level 9. HP: 11/51 MP: 9/9
  7008 | D:7      | Reached skill level 12 in Maces & Flails
  7136 | D:7      | Reached * piety under the Shining One
  7264 | D:7      | Reached skill level 13 in Maces & Flails
  7662 | D:8      | Found a bloodstained altar of Trog.
  7705 | D:8      | Reached ** piety under the Shining One
  7711 | D:8      | Reached XP level 10. HP: 56/56 MP: 10/10
  8228 | D:8      | Reached skill level 14 in Maces & Flails
  8346 | D:8      | Noticed a two-headed ogre
  8357 | D:8      | Mangled by a two-headed ogre

Levels and vault maps discovered:
D:1:      ncdulo_wetmaze, layout_loops_ring
D:2:      layout_loops_corners, nicolae_qazlal_style_of_elements,
          doesnt_xom_only_xom, first_ration, fedhas_ov_isle_minmay, uniq_jessica
D:3:      layout_loops_ring, cheibrodos_sewer_entry_sluice
D:4:      minmay_wonky_spiral, layout_gridville, vehumet_statue,
          nicolae_ossuary_entry_ruins, serial_shops, nicolae_shop_trees,
          uniq_blork_the_orc, uniq_ijyb, uniq_crazy_yiuf_cottage
D:5:      layout_basic, nicolae_overflow_crystal_walls, marbit_many_paths,
          hangedman_decor_growths, kennysheep_potato
D:6:      layout_basic, okawaru_trees_2, minmay_temple_entry_sparse_star
D:7:      layout_basic, corexii_leaking_fountain, minmay_lizard_king
D:8:      layout_basic, kennysheep_mini_moat, bloody_trog,
          hangedman_pestilent_swarm

Skill      XL: |  1  2  3  4  5  6  7  8  9 10 |
---------------+-------------------------------+-----
Maces & Flails | 3 4 5 6 7 9 11 13 14 | 14.0
Fighting       | |  3.8
Armour         | |  3.2
Shields        | |  3.8

Action                   |  1- 3 |  4- 6 |  7- 9 | 10-12 || total
-------------------------+-------+-------+-------+-------++-------
Melee: Flail             |   119 |   332 |   532 |   125 ||  1108
Evoke: Wand              |       |       |       |     2 ||     2
  Use: Scroll            |       |     9 |       |       ||     9
       Potion            |       |     1 |     1 |       ||     2
  Eat: Chunk             |       |     9 |    11 |     3 ||    23
       Ration            |       |       |     1 |       ||     1
Armor: Scale mail        |    54 |   221 |   188 |    37 ||   500
Dodge: Dodged            |    36 |   114 |    98 |    15 ||   263
Block: Shield            |    52 |   219 |   264 |    83 ||   618
       Reflection        |       |       |     1 |     4 ||     5

Table legend:
 A = Non-vault XP
 B = Vault XP
 C = Vault XP percentage of total XP
 D = Non-vault monster count
 E = Vault monster count
 F = Vault count percentage of total count
                 A         B        C        D         E       F
            +---------+---------+-------+---------+---------+-------
      Total |    4942 |    1195 |  19.5 |     193 |      58 |  23.1
            +---------+---------+-------+---------+---------+-------
        D:1 |      33 |       0 |   0.0 |      20 |       0 |   0.0
        D:2 |     128 |      37 |  22.4 |      29 |       1 |   3.3
        D:3 |     183 |       8 |   4.2 |      31 |       3 |   8.8
        D:4 |     590 |     269 |  31.3 |      26 |       4 |  13.3
        D:5 |     279 |     116 |  29.4 |       8 |       1 |  11.1
        D:6 |     893 |       0 |   0.0 |      22 |       0 |   0.0
        D:7 |    1484 |     187 |  11.2 |      26 |       6 |  18.8
        D:8 |    1352 |     346 |  20.4 |      31 |       4 |  11.4
      Sewer |       0 |      80 | 100.0 |       0 |      23 | 100.0
    Ossuary |       0 |     152 | 100.0 |       0 |      16 | 100.0
            +---------+---------+-------+---------+---------+-------
